 Dungeon Crawl Stone Soup version 0.31.0-1-g2c135a0 (webtiles) character file.

Game seed: 8272457370237477005

486 bonegar the Sneak (level 7, 0/60 HPs)
             Began as a Naga Enchanter on Feb 2, 2024.
             Was an Initiate of Dithmenos.
             Slain by an orc
             ... wielding a +0 flail
              (6 damage)
             ... on level 4 of the Dungeon.
             The game lasted 00:46:22 (3172 turns).

bonegar the Sneak (Naga Enchanter)                  Turns: 3172, Time: 00:46:23

Health: 0/60       AC: -2    Str: 14    XL:     7   Next: 13%
Magic:  5/7        EV: 15    Int: 19    God:    Dithmenos [......]
Gold:   62         SH:  0    Dex: 16    Spells: 5/14 levels left

rFire   x . .        y - +2 short sword "Huheotip" {antimagic, *Corrode rF- Will+ Int+3 Dex+5}
rCold   . . .        z - orb {guile}
rNeg    . . .        b - +2 robe
rPois   +            (no helmet)
rElec   .            (no cloak)
rCorr   .            (no gloves)
SInv    +            (no barding)
Will    .....        q - amulet of magic regeneration
Stlth   +            d - ring of magical power
HPRegen 0.30/turn    u - +5 ring of evasion
MPRegen 0.50/turn

%: corrode self (3%)
@: confused, ambrosia-drunk, corroded, attractive, enlightened, flying, hasted,
quick
A: AC +2, large, see invisible, deformed body, poison resistance, slowness 2,
spit poison 1, naga tail 1, mutation resistance 1, strong 1
a: Spit Poison, Renounce Religion


You were on level 4 of the Dungeon.
You worshipped Dithmenos.
Dithmenos was noncommittal.
You visited 2 branches of the dungeon, and saw 5 of its levels.

You collected 206 gold pieces.
You spent 144 gold pieces at shops.

Inventory:

Hand Weapons
 a - a +1 dagger
 y - the +2 short sword "Huheotip" (weapon) {antimagic, *Corrode rF- Will+ Int+3 Dex+5}
   (You found it on level 4 of the Dungeon)

   Int+3:     It affects your intelligence (+3).
   Dex+5:     It affects your dexterity (+5).
   rF-:       It makes you vulnerable to fire.
   Will+:     It increases your willpower.
   *Corrode:  It may corrode you when you take damage.
Missiles
 l - 5 javelins
 p - 13 poisoned darts (quivered)
 x - a throwing net
Armour
 b - a +2 robe (worn)
 z - an orb of guile (worn)
Jewellery
 d - a ring of magical power (left hand)
 i - an amulet of faith
 q - an amulet of magic regeneration (around neck)
 u - a +5 ring of evasion (right hand)
Talismans
 k - a beast talisman
 r - a maw talisman
 w - a flux talisman
 A - a beast talisman
Wands
 s - a wand of polymorph (12)
 v - a wand of digging (2)
 B - a wand of roots (11)
Scrolls
 c - a scroll of revelation {unknown}
 o - a scroll of fog {unknown}
 C - a scroll of fear {unknown}
Potions
 e - 2 potions of haste
 h - 2 potions of attraction
 m - a potion of enlightenment


   Skills:
 + Level 2.2 Fighting
 + Level 2.0 Short Blades
 + Level 2.1 Dodging
 + Level 6.4 Stealth
 + Level 4.2 Spellcasting
 + Level 4.2 Hexes
 + Level 0.2 Summonings
 + Level 1.4 Ice Magic


You had 5 spell levels left.
You knew the following spells:

 Your Spells              Type           Power      Damage    Failure   Level
a - Ensorcelled Hibernat  Hex/Ice        28%        N/A       6%          2
b - Blink                 Tloc           6%         N/A       21%         2
c - Call Imp              Summ           8%         N/A       19%         2
d - Confusing Touch       Hex            20%        N/A       7%          3

Your spell library contained the following spells:

 Spells                   Type           Power      Damage    Failure   Level
 Sigil of Binding         Hex            20%        N/A       7%          3
 Tukima's Dance           Hex            20%        N/A       7%          3
 Magic Dart               Conj           12%        1d3       14%         1
 Dazzling Flash           Conj/Hex       24%        N/A       17%         3
 Lesser Beckoning         Tloc           6%         N/A       21%         2
 Momentum Strike          Conj/Tloc      6%         3d8       21%         2
 Cause Fear               Hex            10%        N/A       24%         4
 Call Canine Familiar     Summ           4%         N/A       36%         3
 Anguish                  Hex/Necr       6%         N/A       50%         4
 Dimensional Bullseye     Hex/Tloc       6%         N/A       50%         4
 Enfeeble                 Hex            10%        N/A       100%        7


Dungeon Overview and Level Annotations

Branches:
Dungeon (4/15)             Temple (1/1) D:4

Altars:
Ashenzari
Cheibriados
Dithmenos
Elyvilon
Fedhas
Gozag
Hepliaklqana
Kikubaaqudgha
Makhleb
Nemelex Xobeh
Okawaru
Qazlal
Ru
Sif Muna
Trog
Uskayaw
Vehumet
Xom
Yredelemnul
Zin
The Shining One

Shops:
D:2 *

Annotations:
D:4 Duvessa


Innate Abilities, Weirdness & Mutations

Your serpentine skin is tough. (AC +2)
You have supernaturally acute eyesight. (SInv)
Armour fits poorly on your strangely shaped body.
Your system is resistant to poisons. (rPois)
You cover ground very slowly.
You can spit poison.
You have a snake-like lower body.
You are somewhat resistant to further mutation.
Your muscles are strong. (Str +4, Int/Dex -1)


Message History

The orc is unaffected.
You hit the giant cockroach but do no damage.
The orc hits you with a +0 flail.
* * * LOW HITPOINT WARNING * * *
Casting: Ensorcelled Hibernation (safe; 6% risk of failure)
Confirm with . or Enter, or press ? or * to list all spells.
Okay, then.
Casting: Ensorcelled Hibernation (safe; 6% risk of failure)
Confirm with . or Enter, or press ? or * to list all spells.
You don't have enough magic to cast this spell.
It was a potion of attraction.
You feel attractive to monsters. The giant cockroach bites you.
* * * LOW HITPOINT WARNING * * *
The orc hits you with a +0 flail.
* * * LOW HITPOINT WARNING * * *
It was a potion of curing.
You feel better. The giant cockroach closely misses you.
It was a potion of enlightenment.
You feel very buoyant.
You fly up into the air.
The orc hits you with a +0 flail.
* * * LOW HITPOINT WARNING * * *
The giant cockroach barely misses you.
It was a potion of mutation.
You feel extremely strange.
You feel stronger.
You feel genetically stable.
You hit the giant cockroach.
The giant cockroach is heavily wounded.
The orc hits you with a +0 flail!
* * * LOW HITPOINT WARNING * * *
The giant cockroach misses you.
You completely miss the giant cockroach.
The giant cockroach is heavily wounded.
The giant cockroach misses you. The orc misses you.
The giant cockroach closely misses you. The orc attacks as it pursues you!
The orc barely misses you. The giant cockroach misses you.
The orc is attracted toward you. x3
Something is attracted toward you.
You are confused.
You feel invigorated. The orc hits you with a +0 flail.
You die...

##############
.......@ooooo#
.##.....B##o.#
##....###..#
##..###.$.#
### #..o.#
#)....#
#...o.#
##....# ##...#


You could see 3 orcs and a giant cockroach.

Vanquished Creatures
  2 scorpions
  Dowan (D:4)
  2 hounds (D:3)
  A jelly (D:4)
  An orc priest (D:3)
  An orc wizard (D:4)
  4 gnolls
  4 adders
  2 ribbon worms (D:2)
  7 orcs
  6 ball pythons
  7 endoplasms
  A giant cockroach (D:1)
  15 goblins
  7 hobgoblins
  3 jackals (D:1)
  5 kobolds
  2 quokkas
  6 bats
  5 frilled lizards
  5 rats
87 creatures vanquished.

Vanquished Creatures (collateral kills)
  An adder (D:2)
  An orc (D:3)
  A giant cockroach (D:2)
  A ball python (D:2)
4 creatures vanquished.

Grand Total: 91 creatures vanquished

Notes
Turn   | Place    | Note
-------+----------+-------------------------------------------
     0 | D:1      | bonegar the Naga Enchanter began the quest for the Orb.
     0 | D:1      | Reached XP level 1. HP: 15/15 MP: 3/3
   148 | D:1      | Reached XP level 2. HP: 22/22 MP: 5/5
   151 | D:1      | Learned a level 2 spell: Ensorcelled Hibernation
   179 | D:1      | Reached skill level 5 in Stealth
   382 | D:1      | Reached XP level 3. HP: 28/28 MP: 6/6
   716 | D:1      | Learned a level 2 spell: Blink
   719 | D:1      | Learned a level 2 spell: Call Imp
  1269 | D:2      | Reached XP level 4. HP: 36/37 MP: 7/7
  1489 | D:2      | Found Exinakhlyum's Assorted Antiques.
  1504 | D:2      | Bought a scroll labelled JOTIUDD GOSE for 24 gold pieces
  1504 | D:2      | Bought a scroll labelled QIR ITOSIENNEX for 24 gold pieces
  1504 | D:2      | Bought a gold wand for 96 gold pieces
  1726 | D:3      | Noticed a scorpion
  1738 | D:3      | Killed a scorpion
  1739 | D:3      | Reached skill level 1 in Ice Magic
  1739 | D:3      | Reached XP level 5. HP: 30/43 MP: 9/9
  1836 | D:3      | Found a snail-covered altar of Cheibriados.
  1836 | D:3      | Found a shimmering altar of Xom.
  1991 | D:3      | Reached skill level 1 in Fighting
  1993 | D:3      | Reached XP level 6. HP: 52/52 MP: 11/11
  2255 | D:4      | Identified the +2 short sword "Huheotip" {antimagic,
                  | *Corrode rF- Will+ Int+3 Dex+5}
  2334 | D:4      | Learned a level 3 spell: Confusing Touch
  2433 | D:4      | Noticed Dowan
  2452 | D:4      | Killed Dowan
  2487 | D:4      | Found a staircase to the Ecumenical Temple.
  2511 | Temple   | Entered the Ecumenical Temple
  2613 | Temple   | Became a worshipper of Dithmenos the Shadowed
  2694 | D:4      | Reached skill level 6 in Stealth
  2937 | D:4      | Reached XP level 7. HP: 51/60 MP: 7/13
  3123 | D:4      | Noticed Duvessa
  3167 | D:4      | Gained mutation: Your muscles are strong. (Str +4, Int/Dex
                  | -1) [potion of mutation]
  3167 | D:4      | Gained mutation: You are somewhat resistant to further
                  | mutation. [potion of mutation]
  3168 | D:4      | HP: 2/60 [orc/+0 flail (10)]
  3172 | D:4      | Slain by an orc

Illustrated notes

Levels and vault maps discovered:
D:1:      wander_arrival_peaceful_grave, layout_basic, supply_closet_lemuel,
          minmay_pentomino_w4
D:2:      layout_rooms, serial_shops, shop
D:3:      cheibrodos_greedy_goblins, layout_rooms,
          gammafunk_temple_overflow_elements, cheibrodos_gnoll_hut
D:4:      corexii_shack_village, layout_loops_ring, minmay_temple_entry_mist,
          minivault_19, uniq_duvessa
Temple:   hellmonk_temple_of_storms

Skill      XL: |  1  2  3  4  5  6  7 |
---------------+----------------------+-----
Stealth        | 5 6 |  6.4
Dodging        | 2 |  2.1
Ice Magic      | 1 |  1.4
Spellcasting   | 3 4 |  4.2
Fighting       | 1 2 |  2.2
Hexes          | 4 |  4.2
Short Blades   | 2 |  2.0
Summonings     | |  0.2

Action                     |  1- 3 |  4- 6 |  7- 9 || total
---------------------------+-------+-------+-------++-------
  Melee: Dagger            |   112 |    59 |       ||   171
         Punch             |     1 |       |       ||     1
         Short sword       |       |    65 |    20 ||    85
  Throw: Dart              |       |     3 |       ||     3
   Cast: Ensorcelled Hiber |    26 |    43 |    10 ||    79
         Call Imp          |     2 |     5 |     1 ||     8
         Confusing Touch   |       |     3 |       ||     3
         Blink             |       |       |     1 ||     1
    Use: Potion            |     1 |     1 |     9 ||    11
         Scroll            |     1 |     5 |     1 ||     7
   Stab: Sleeping          |    12 |    26 |     5 ||    43
         Distracted        |     2 |       |       ||     2
         Invisible         |       |     2 |       ||     2
         Confused          |       |     1 |       ||     1
 Armour: Robe              |    67 |    56 |    23 ||   146
  Dodge: Dodged            |    59 |   103 |    30 ||   192
         Form:             |     1 |       |       ||     1
         Beast             |     1 |       |       ||     1
